 Dungeon Crawl Stone Soup version 0.22-a0-433-gd2a9cce (webtiles) character file.

7185 JeffiDaFish the Thaumaturge (level 10, -1/50 HPs)
             Began as a Deep Elf Earth Elementalist on May 27, 2018.
             Was a Follower of Sif Muna.
             Slain by a two-headed ogre
             ... wielding a cursed -3 giant club
              (22 damage)
             ... on level 9 of the Dungeon.
             The game lasted 00:34:24 (8961 turns).

JeffiDaFish the Thaumaturge (DEEE)                  Turns: 8961, Time: 00:34:24

Health: -1/50      AC: 10    Str:  4    XL:     10   Next: 87%
Magic:  6/28       EV: 18    Int: 26    God:    Sif Muna [*.....]
Gold:   349        SH:  0    Dex: 15    Spells: 24/34 levels left

rFire    + . .     SeeInvis .   g - +3 short sword (venom)
rCold    . . .     Gourm    .   (no shield)
rNeg     . . .     Faith    .   c - +2 robe
rPois    +         Spirit   .   (no helmet)
rElec    +         Reflect  .   q - +2 cloak
rCorr    .         Harm     .   (no gloves)
MR       +....                  p - +2 pair of boots of Mental Paralysis {rElec rPois Str-2 Slay+3}
Stlth    ++........             m - amulet of magic regeneration
HPRegen  0.16/turn              l - +3 ring of intelligence
MPRegen  0.46/turn              v - ring of protection from fire

@: divine energy
A: no striking features
a: Stop Divine Energy, Renounce Religion


You were on level 9 of the Dungeon.
You worshipped Sif Muna.
Sif Muna was aware of your devotion.
You were hungry.

You visited 2 branches of the dungeon, and saw 10 of its levels.

You collected 439 gold pieces.
You spent 90 gold pieces at shops.

Inventory:

Hand Weapons
 g - a +3 short sword of venom (weapon)
Missiles
 b - 83 stones (quivered)
Armour
 c - a +2 robe (worn)
 p - the +2 pair of boots of Mental Paralysis (worn) {rElec rPois Str-2 Slay+3}
   (You found it on level 4 of the Dungeon)

   It affects your strength (-2).
   It affects your accuracy and damage with ranged weapons and melee attacks
   (+3).
   It insulates you from electricity.
   It protects you from poison.
 q - a +2 cloak (worn)
Jewellery
 l - a +3 ring of intelligence (left hand)
 m - an amulet of magic regeneration (around neck)
 v - a ring of protection from fire (right hand)
Wands
 t - a wand of paralysis (5)
 w - a wand of disintegration (16)
Scrolls
 a - 4 scrolls of amnesia
 h - a scroll of enchant weapon
 i - 7 scrolls of remove curse
 j - 13 scrolls of identify
 n - a scroll of teleportation
 o - 2 scrolls of fog
Potions
 e - a potion of might
 f - a potion of ambrosia
 k - a potion of flight
 r - a potion of magic
 s - 2 potions of curing
 u - 3 potions of heal wounds
Comestibles
 d - 14 rations


   Skills:
 + Level 8.5 Dodging
 - Level 2.4 Stealth
 * Level 12.5 Spellcasting
 * Level 7.3 Conjurations
 + Level 1.3 Necromancy
   Level 1.1 Transmutations
 * Level 11.0 Earth Magic


You had 24 spell levels left.
You knew the following spells:

 Your Spells              Type           Power        Failure   Level  Hunger
a - Sandblast             Erth           ######       1%          1    None
b - Stone Arrow           Conj/Erth      ######       1%          3    None
c - Lee's Rapid Deconstr  Erth           ######....   1%          5    ###....
d - Animate Skeleton      Necr           N/A          1%          1    None

Your spell library contained the following spells:

 Spells                   Type           Power        Failure   Level  Hunger
 Apportation              Tloc           ###...       3%          1    None
 Summon Small Mammal      Summ           ###.         3%          1    None
 Spider Form              Tmut/Pois      ###.......   9%          3    None
 Blade Hands              Tmut           ###.......   54%         5    ###....
 Ice Form                 Ice/Tmut       ###.....     28%         4    None
 Confusing Touch          Hex            ###...       3%          1    None
 Passwall                 Tmut/Erth      #####...     1%          2    None
 Sticks to Snakes         Tmut           ###.....     3%          2    None
 Petrify                  Tmut/Erth      #####...     3%          4    None
 Beastly Appendage        Tmut           ###...       2%          1    None


Dungeon Overview and Level Annotations

Branches:
Dungeon (9/15)             Temple (1/1) D:7
   Lair: D:8-11         Orc: D:9-12

Altars:
Cheibriados
Dithmenos
Fedhas
Makhleb
Nemelex Xobeh
Okawaru
Qazlal
Ru
Sif Muna
Trog
Uskayaw
Xom
Yredelemnul
Zin

Shops:
D:6 *


Message History

The killer bee barely misses you.
A hippogriff comes into view.
The killer bee stings you.
The two-headed ogre hits you with a giant club.
The two-headed ogre hits you with a giant spiked club!!
Ouch! That really hurt!
The hippogriff screeches!
An adder comes into view.
The killer bee closely misses you.
Evoke which item? (* to show all) (? for menu, Esc to quit)
Aiming: Paralyse
Press: ? - help, Shift-Dir - straight line, f - killer bee
Aim: a killer bee (chance to defeat MR: 54%)
The killer bee suddenly stops moving!
The adder hisses angrily.
Evoke which item? (* to show all) (? for menu, Esc to quit)
Okay, then.
Okay, then.
The two-headed ogre hits you with a giant club!!
You die...

############
##..........##
##............##
#..............#
#..............#
#..........@...#
#.........O.S..####
#.......y........<#...
#......)..............#
##...H.................#
###.##.##......).......
... #.####...........#
##. #.# ##...).....## ..
..# ##..)#...##


You could see a two-headed ogre, a hippogriff, a killer bee (paralysed) and an
adder.

Vanquished Creatures
  A hydra (D:8)
  2 two-headed ogres
  Pikel (D:5)
  The ghost of kmckee24 the Cleaver, a novice HOFi of Cheibriados (D:8)
  Joseph (D:7)
  Prince Ribbit (D:6)
  2 hippogriffs
  Eustachio (D:5)
  A hungry ghost (D:7)
  Menkaure (D:5)
  2 phantoms
  An orc warrior (D:7)
  A slave (D:5)
  5 ice beasts
  3 black bears
  3 sky beasts
  An ogre (D:6)
  2 centaurs
  A big kobold (D:9)
  A scorpion (D:4)
  2 jellies (D:7)
  5 killer bees (D:7)
  3 howler monkeys
  A bullfrog zombie (D:3)
  3 hounds
  A centaur skeleton (D:6)
  7 orc priests
  3 iguanas
  4 worker ants
  Natasha (thrice) (D:4)
  An orc wizard (D:6)
  A killer bee zombie (D:5)
  7 gnolls
  11 adders
  8 river rats (D:5)
  5 shadow imps
  An ooze (D:4)
  3 adder zombies
  3 worms
  5 dart slugs
  4 leopard geckos
  21 orcs
  2 ball pythons
  3 giant cockroaches
  12 goblins
  13 hobgoblins
  15 jackals
  14 quokkas
  7 bats
  9 frilled lizards
  12 kobolds
  21 rats
242 creatures vanquished.

Vanquished Creatures (collateral kills)
  A ball python (D:7)
1 creature vanquished.

Vanquished Creatures (others)
  A crimson imp (D:5)
  A centaur zombie (D:5)
  An orc (D:5)
  A quokka skeleton (D:5)
  A rat (D:5)
5 creatures vanquished.

Grand Total: 248 creatures vanquished

Notes
Turn   | Place    | Note
-------+----------+-------------------------------------------
     0 | D:1      | JeffiDaFish the Deep Elf Earth Elementalist began the quest for the Orb.
     0 | D:1      | Reached XP level 1. HP: 10/10 MP: 6/6
   114 | D:1      | Reached XP level 2. HP: 15/15 MP: 1/8
   795 | D:1      | Reached XP level 3. HP: 18/19 MP: 8/10
   818 | D:1      | Learned a level 3 spell: Stone Arrow
  1197 | D:2      | Reached skill level 4 in Spellcasting
  1513 | D:2      | Reached XP level 4. HP: 24/24 MP: 8/12
  1788 | D:3      | Reached skill level 1 in Conjurations
  2112 | D:3      | Found a sacrificial altar of Ru.
  2112 | D:3      | Found a glowing silver altar of Zin.
  2113 | D:3      | Found a snail-covered altar of Cheibriados.
  2113 | D:3      | Found a basalt altar of Yredelemnul.
  2113 | D:3      | Found a blossoming altar of Fedhas.
  2400 | D:3      | Found a sparkling altar of Nemelex Xobeh.
  2401 | D:3      | Found a stormy altar of Qazlal.
  2419 | D:3      | Found a bloodstained altar of Trog.
  2446 | D:3      | Noticed a dagger
  2447 | D:3      | Found a hide-covered altar of Uskayaw.
  2449 | D:3      | Reached XP level 5. HP: 28/28 MP: 12/14
  2453 | D:3      | Noticed a hand axe
  2741 | D:3      | Reached skill level 5 in Spellcasting
  2743 | D:3      | Reached skill level 5 in Earth Magic
  2869 | D:3      | Reached XP level 6. HP: 32/32 MP: 11/16
  3019 | D:3      | Learned a level 5 spell: Lee's Rapid Deconstruction
  3563 | D:4      | Noticed Natasha
  3566 | D:4      | Killed Natasha
  3794 | D:4      | Reached skill level 6 in Spellcasting
  3811 | D:4      | Got a pair of encrusted boots
  3817 | D:4      | Identified the +2 pair of boots of Mental Paralysis {rElec rPois Str-2 Slay+3} (You found it on level 4 of the Dungeon)
  3941 | D:4      | Found a shadowy altar of Dithmenos.
  3946 | D:4      | Reached XP level 7. HP: 36/36 MP: 4/18
  4219 | D:4      | Noticed Natasha
  4222 | D:4      | Killed Natasha
  4380 | D:4      | Noticed Natasha
  4381 | D:4      | Killed Natasha
  4466 | D:5      | Entered Level 5 of the Dungeon
  4490 | D:5      | Noticed Pikel
  4508 | D:5      | Killed Pikel
  4508 | D:5      | Reached skill level 5 in Dodging
  4508 | D:5      | Reached skill level 7 in Spellcasting
  4508 | D:5      | Reached XP level 8. HP: 38/41 MP: 4/21
  4624 | D:5      | Noticed Menkaure
  4632 | D:5      | Reached skill level 8 in Spellcasting
  4636 | D:5      | Killed Menkaure
  4801 | D:5      | Noticed Eustachio
  4805 | D:5      | Killed Eustachio
  4866 | D:5      | Reached skill level 9 in Spellcasting
  4937 | D:5      | Identified the cursed +2 quarterstaff of Conscience {venom, +Fly rF+ Str+2} (You found it on level 5 of the Dungeon)
  5021 | D:5      | Found a bloodstained altar of Trog.
  5582 | D:6      | Identified the +9 ring mail of Mental Paralysis {rF- rN+++ Str-4 SInv} (You found it on level 6 of the Dungeon)
  5592 | D:6      | Noticed Prince Ribbit
  5601 | D:6      | Killed Prince Ribbit
  5601 | D:6      | Reached XP level 9. HP: 10/45 MP: 2/24
  6145 | D:6      | Reached skill level 5 in Conjurations
  6255 | D:6      | Found Hacs's General Store.
  6259 | D:6      | Bought a potion of curing for 45 gold pieces
  6259 | D:6      | Bought a potion of curing for 45 gold pieces
  6413 | D:6      | Learned a level 1 spell: Animate Skeleton
  6632 | D:7      | Noticed Joseph
  6639 | D:7      | Killed Joseph
  6639 | D:7      | Reached skill level 10 in Spellcasting
  7019 | D:7      | Found a bloodstained altar of Trog.
  7020 | D:7      | Found an iron altar of Okawaru.
  7350 | D:7      | Reached skill level 11 in Spellcasting
  7424 | D:7      | Reached XP level 10. HP: 50/50 MP: 20/27
  7501 | D:7      | Found a staircase to the Ecumenical Temple.
  7512 | Temple   | Entered the Ecumenical Temple
  7522 | Temple   | Became a worshipper of Sif Muna the Loreminder
  7641 | D:8      | Noticed a two-headed ogre
  7651 | D:8      | Killed a two-headed ogre
  7651 | D:8      | Reached skill level 10 in Earth Magic
  7762 | D:8      | Noticed kmckee24's ghost (novice HOFi)
  7772 | D:8      | Noticed a six-headed hydra
  7801 | D:8      | Killed kmckee24's ghost
  8046 | D:8      | Killed a six-headed hydra
  8046 | D:8      | Reached * piety under Sif Muna
  8046 | D:8      | Reached skill level 12 in Spellcasting
  8941 | D:9      | Noticed a two-headed ogre
  8952 | D:9      | Noticed a two-headed ogre
  8956 | D:9      | Killed a two-headed ogre
  8956 | D:9      | Reached skill level 1 in Necromancy
  8961 | D:9      | Slain by a two-headed ogre

Vault maps used:
D:1:      evilmike_arrival_crescent, st_stairs_14
D:3:      grunt_temple_overflow_open, dancing_weapons_uskayaw, bloody_trog
D:4:      grunt_dithmenos_shadows, first_ration, serial_park_tiny_2,
          uniq_natasha
D:5:      lemuel_ratsnest, basic_altar, nrook_loot_triangle, uniq_eustachio,
          uniq_menkaure, uniq_pikel
D:6:      serial_shops, shop, uniq_prince_ribbit1
D:7:      grunt_temple_overflow_bloody_war, temple_statues, st_stairs_14,
          uniq_joseph
D:9:      overflow_temple_1_default, lair_entry_dummy, serial_shops,
          shop_statue, the_bakery, kennysheep_generic_room_16
Temple:   compressed_dpeg_circular_temple

Skill      XL: |  1  2  3  4  5  6  7  8  9 10 |
---------------+-------------------------------+-----
Earth Magic    | 4 5 6 8 9 11 | 11.0
Dodging        | 3 4 5 6 7 8 |  8.5
Spellcasting   | 4 5 6 7 9 11 12 | 12.5
Conjurations   | 1 2 3 4 6 7 |  7.3
Necromancy     | 1 |  1.3
Stealth        | |  2.4
Transmutations | |  1.1

Action                   |  1- 3 |  4- 6 |  7- 9 | 10-12 || total
-------------------------+-------+-------+-------+-------++-------
Melee: Dagger            |    10 |       |       |       ||    10
       Short sword       |    14 |    21 |    58 |    12 ||   105
 Cast: Sandblast         |    40 |    42 |    71 |    18 ||   171
       Stone Arrow       |     4 |    41 |    52 |    29 ||   126
       Lee's Rapid Decon |       |       |    17 |    15 ||    32
       Animate Skeleton  |       |       |     5 |       ||     5
Invok: Divine Energy     |       |       |       |     1 ||     1
Evoke: Wand              |       |       |       |     1 ||     1
  Use: Scroll            |     9 |     2 |     5 |     1 ||    17
       Potion            |     4 |     1 |     5 |       ||    10
 Stab: Sleeping          |     1 |     7 |       |       ||     8
  Eat: Chunk             |     2 |     9 |    16 |     5 ||    32
Armor: Robe              |     5 |    12 |    23 |     4 ||    44
Dodge: Dodged            |    21 |    35 |    61 |    17 ||   134

Table legend:
 A = Spawn XP
 B = Non-spawn XP
 C = Spawn XP percentage of total XP
 D = Spawn monster count
 E = Non-spawn monster count
 F = Spawn count percentage of total count
 G = Total turns spent on level
                    A         B        C        D         E        F      G
               +---------+---------+-------+---------+---------+-------+---------
         Total |       0 |   10265 |   0.0 |       0 |     242 |   0.0 |  8961
               +---------+---------+-------+---------+---------+-------+---------
           D:1 |       0 |      47 |   0.0 |       0 |      24 |   0.0 |   931
           D:2 |       0 |      81 |   0.0 |       0 |      25 |   0.0 |   835
           D:3 |       0 |     352 |   0.0 |       0 |      45 |   0.0 |  1725
           D:4 |       0 |     419 |   0.0 |       0 |      14 |   0.0 |   975
           D:5 |       0 |    1701 |   0.0 |       0 |      47 |   0.0 |  1071
           D:6 |       0 |     872 |   0.0 |       0 |      21 |   0.0 |  1386
           D:7 |       0 |    2217 |   0.0 |       0 |      33 |   0.0 |   780
           D:8 |       0 |    3498 |   0.0 |       0 |      27 |   0.0 |  1204
           D:9 |       0 |    1078 |   0.0 |       0 |       6 |   0.0 |    34
               +---------+---------+-------+---------+---------+-------+---------
